 Dungeon Crawl Stone Soup version 0.22-a0-49-g614aadd (webtiles) character file.

2955 gmonis the Arsonist (level 9, -4/62 HPs)
             Began as a Red Draconian Fire Elementalist on Jan 8, 2018.
             Was a Follower of Vehumet.
             Blown up by a crimson imp (15 damage)
             ... with a wand of disintegration (6)
             ... on level 7 of the Dungeon.
             The game lasted 00:25:48 (9075 turns).

gmonis the Arsonist (DrFE)                          Turns: 9075, Time: 00:25:48

Health: -4/62      AC: 10    Str: 13    XL:     9   Next: 52%
Magic:  27/27      EV: 12    Int: 17    God:    Vehumet [*.....]
Gold:   190        SH:  0    Dex: 11    Spells: 6/20 levels left

rFire    + . .     SeeInvis .   v - +1 flail (protect)
rCold    . . .     Gourm    .   (no shield)
rNeg     . . .     Faith    .   (armour unavailable)
rPois    +         Spirit   .   (helmet restricted)
rElec    .         Reflect  .   E - +0 cloak
rCorr    .         Harm     .   q - +0 pair of gloves
MR       .....                  x - +0 pair of boots
Stlth    ++........             (no amulet)
HPRegen  0.20/turn              h - ring of magical power
MPRegen  0.20/turn              k - ring of poison resistance

@: no status effects
A: breathe fire, unfitting armour, fire resistance 1, cold-blooded, AC +7
a: Breathe Fire, Renounce Religion


You were on level 7 of the Dungeon.
You worshipped Vehumet.
Vehumet was aware of your devotion.
You were not hungry.

You visited 2 branches of the dungeon, and saw 8 of its levels.

You collected 190 gold pieces.

Inventory:

Hand Weapons
 i - a +0 club
 v - a +1 flail of protection (weapon)
Missiles
 m - 36 stones (quivered)
Armour
 q - a +0 pair of gloves (worn)
 x - a +0 pair of boots (worn)
 E - a +0 cloak (worn)
Jewellery
 h - a ring of magical power (left hand)
 k - a ring of poison resistance (right hand)
 A - an uncursed ring of protection from magic {unknown}
Wands
 l - a wand of polymorph (14)
 s - a wand of disintegration (14)
 w - a wand of digging (10)
Scrolls
 e - a scroll of immolation {unknown}
 f - a scroll of magic mapping {unknown}
 j - 8 scrolls of identify
 p - 7 scrolls of remove curse
 r - 2 scrolls of teleportation {unknown}
 t - a scroll of enchant armour {unknown}
 u - a scroll of fear {unknown}
 y - a scroll of blinking {unknown}
 C - a scroll of brand weapon {unknown}
 G - a scroll of fog {unknown}
Potions
 c - a potion of berserk rage {unknown}
 g - a potion of ambrosia
 n - 2 potions of flight {unknown}
 o - 2 potions of curing
 z - a potion of haste {unknown}
 B - a potion of agility {unknown}
 D - a potion of mutation {unknown}
 F - a potion of lignification {unknown}
Books
 a - a book of Flames

   Spells                             Type                      Level
   a - Flame Tongue                   Conjuration/Fire             1
   b - Throw Flame                    Conjuration/Fire             2
   c - Conjure Flame                  Conjuration/Fire             3
   d - Inner Flame                    Hexes/Fire                   3
   e - Sticky Flame                   Conjuration/Fire             4
   f - Fireball                       Conjuration/Fire             5
Comestibles
 b - 7 rations


   Skills:
 - Level 1.7 Dodging
 - Level 1.7 Stealth
 + Level 6.3 Spellcasting
 * Level 8.0 Conjurations
 * Level 10.5 Fire Magic


You had 6 spell levels left.
You knew the following spells:

 Your Spells              Type           Power        Failure   Level  Hunger
a - Flame Tongue          Conj/Fire      #####        1%          1    None
b - Conjure Flame         Conj/Fire      #####...     1%          3    ##.....
c - Sticky Flame          Conj/Fire      #####...     2%          4    ####...
d - Fireball              Conj/Fire      #####.....   8%          5    #####..
e - Freeze                Ice            #...         13%         1    None


Dungeon Overview and Level Annotations

Branches:
Dungeon (7/15)             Temple (1/1) D:5

Altars:
Ashenzari
Cheibriados
Dithmenos
Elyvilon
Fedhas
Hepliaklqana
Makhleb
Nemelex Xobeh
Okawaru
Qazlal
Ru
Sif Muna
Uskayaw
Vehumet
Wu Jian
Xom
Yredelemnul
Zin

Shops:
D:4 !


Innate Abilities, Weirdness & Mutations

You can breathe blasts of fire.
Your fiery red scales are hard. (AC +7)
You cannot fit into any form of body armour.
Your flesh is heat resistant. (rF+)
You are cold-blooded and may be slowed by cold attacks.


Message History

The crimson imp barely misses you.
The crimson imp hits you but does no damage.
You closely miss the crimson imp.
The crimson imp hits you with an enchanted war axe.
You hit the crimson imp but do no damage.
The crimson imp hits you with an enchanted war axe.
You barely miss the crimson imp.
The crimson imp blinks!
The crimson imp blinks!
The crimson imp barely misses you.
The crimson imp zaps a wand.
You struggle to resist.
An ogre comes into view. It is wielding a giant club.
The crimson imp zaps a wand.
You are blasted!
* * * LOW HITPOINT WARNING * * *
The crimson imp blinks!
The crimson imp zaps a wand.
You are blasted!
* * * LOW HITPOINT WARNING * * *
The ogre shouts!
The crimson imp zaps a wand.
You struggle to resist.
The crimson imp zaps a wand.
You are blasted!
You die...

#....[)[<)[ #.. #.
###..###..) ..##..#
########..# #.## .....
..........# #.# ....
#########.# #.# ...
........># #.# #.#
########## #.#
###.######## #.#
#...5.@....# #.#
#.#.######.# #.# #.# .#
#.# #.# .# ### #.#
#.### .###.## ##.##
#...# .##...###.... #
###.# O#........###
#.##..####.##...#######
#..........###.## ####[


You could see a crimson imp.

Vanquished Creatures
  Grinder (D:5)
  Eustachio (D:5)
  The ghost of gmonis the Firebug, an amateur DrFE (D:4)
  Menkaure (D:4)
  Edmund (D:5)
  4 sky beasts (D:6)
  A necrophage (D:7)
  An ice beast (D:7)
  2 ogres
  A centaur (D:5)
  Blork the orc (D:5)
  A bullfrog (D:7)
  3 scorpions
  6 killer bees (D:7)
  A howler monkey (D:4)
  2 hounds
  6 orc priests
  5 orc wizards
  Ijyb (D:5)
  3 iguanas
  4 worker ants
  A hound skeleton (D:4)
  A worker ant zombie (D:5)
  7 gnolls
  A howler monkey skeleton (D:7)
  9 adders
  An ooze (D:1)
  An adder zombie (D:6)
  4 worms
  4 dart slugs
  8 leopard geckos
  21 orcs
  5 giant cockroaches
  9 goblins
  6 hobgoblins
  8 jackals
  4 quokkas
  4 ball pythons
  8 bats
  2 frilled lizards (D:4)
  A jackal skeleton (D:6)
  12 kobolds
  7 rats
171 creatures vanquished.

Notes
Turn   | Place    | Note
-------+----------+-------------------------------------------
     0 | D:1      | gmonis the Draconian Fire Elementalist began the quest for the Orb.
     0 | D:1      | Reached XP level 1. HP: 14/14 MP: 3/3
   416 | D:1      | Reached XP level 2. HP: 20/20 MP: 3/5
  1050 | D:1      | Reached XP level 3. HP: 25/26 MP: 0/6
  1189 | D:1      | Reached skill level 4 in Fire Magic
  1778 | D:2      | Learned a level 3 spell: Conjure Flame
  2154 | D:2      | Reached XP level 4. HP: 30/33 MP: 7/7
  2981 | D:3      | Found a sparkling altar of Nemelex Xobeh.
  3027 | D:3      | Found a glowing silver altar of Zin.
  3062 | D:3      | Reached XP level 5. HP: 38/38 MP: 9/9
  3325 | D:3      | Learned a level 4 spell: Sticky Flame
  4155 | D:4      | Reached skill level 5 in Fire Magic
  4159 | D:4      | Reached XP level 6. HP: 27/45 MP: 10/10
  4286 | D:4      | Noticed gmonis's ghost (amateur DrFE)
  4352 | D:5      | Entered Level 5 of the Dungeon
  4477 | D:5      | Noticed Eustachio
  4530 | D:5      | Killed Eustachio
  4530 | D:5      | Your scales start taking on a fiery red colour.
  4530 | D:5      | Reached skill level 6 in Fire Magic
  4530 | D:5      | Reached XP level 7. HP: 31/50 MP: 12/12
  4530 | D:5      | Gained mutation: Your flesh is heat resistant. (rF+) [Red Draconian growth]
  4547 | D:5      | Noticed Ijyb
  4556 | D:5      | Killed Ijyb
  4556 | D:5      | Reached skill level 7 in Fire Magic
  5091 | D:5      | Noticed Edmund
  5107 | D:5      | Killed Edmund
  5191 | D:5      | Found a staircase to the Ecumenical Temple.
  5196 | D:5      | Noticed Blork the orc
  5202 | D:5      | Killed Blork the orc
  5202 | D:5      | Reached skill level 5 in Conjurations
  5308 | Temple   | Entered the Ecumenical Temple
  5462 | Temple   | Became a worshipper of Vehumet
  5623 | D:5      | Noticed Grinder
  5633 | D:5      | Killed Grinder
  5633 | D:5      | Reached skill level 8 in Fire Magic
  5633 | D:5      | Reached XP level 8. HP: 55/57 MP: 6/15
  6178 | D:4      | Found Utiamaho's Distillery.
  6424 | D:4      | Killed gmonis's ghost
  6424 | D:4      | Reached skill level 5 in Spellcasting
  6604 | D:4      | Noticed Menkaure
  6617 | D:4      | Killed Menkaure
  6617 | D:4      | Reached skill level 9 in Fire Magic
  7896 | D:6      | Reached XP level 9. HP: 62/62 MP: 17/17
  8001 | D:6      | Reached * piety under Vehumet
  8001 | D:6      | Offered knowledge of Freeze by Vehumet.
  8285 | D:7      | Reached skill level 10 in Fire Magic
  8292 | D:7      | Learned a level 5 spell: Fireball
  8615 | D:7      | HP: 3/62 [killer bee (2)]
  8621 | D:7      | HP: 1/62 [poisoned by a killer bee]
  8907 | D:6      | Learned a level 1 spell: Freeze
  8980 | D:7      | Found a hide-covered altar of Uskayaw.
  9075 | D:7      | Blown up by a crimson imp

Vault maps used:
D:1:      mushboom_english_gardens
D:3:      zin_statuary, kennysheep_big_empty_room, nemelex_altar_shiori
D:4:      serial_shops, nicolae_shop_stone, minmay_fountain_box, uniq_menkaure
D:5:      minmay_temple_entry_hall, first_ration, uniq_edmund, uniq_ijyb,
          uniq_grinder, uniq_blork_the_orc, uniq_eustachio
D:7:      eat_drink_and_be_merry_uskayaw
Temple:   eino_temple_rhombus

Skill      XL: |  1  2  3  4  5  6  7  8  9 |
---------------+----------------------------+-----
Fire Magic     | 4 5 6 8 9 10 | 10.5
Conjurations   | 2 3 4 5 7 8 |  8.0
Spellcasting   | 3 4 5 6 |  6.3
Dodging        | |  1.7
Stealth        | |  1.7

Action                   |  1- 3 |  4- 6 |  7- 9 || total
-------------------------+-------+-------+-------++-------
Melee: Unarmed           |    35 |    16 |       ||    51
       Tailslap          |     5 |     2 |       ||     7
       Club              |       |    33 |       ||    33
       Flail             |       |       |    27 ||    27
Throw: Stone             |       |       |     1 ||     1
 Cast: Flame Tongue      |    92 |   127 |   177 ||   396
       Sticky Flame      |       |       |    30 ||    30
       Freeze            |       |       |     4 ||     4
 Abil: Breathe Fire      |       |       |     6 ||     6
  Use: Potion            |       |     1 |     3 ||     4
       Scroll            |       |       |     1 ||     1
  Eat: Chunk             |     5 |     7 |    16 ||    28
       Ration            |       |       |     2 ||     2
Armor: Skin              |    23 |    81 |    57 ||   161
Dodge: Dodged            |    57 |   111 |    82 ||   250

Table legend:
 A = Spawn XP
 B = Non-spawn XP
 C = Spawn XP percentage of total XP
 D = Spawn monster count
 E = Non-spawn monster count
 F = Spawn count percentage of total count
 G = Total turns spent on level
                    A         B        C        D         E        F      G
               +---------+---------+-------+---------+---------+-------+---------
         Total |       0 |    4222 |   0.0 |       0 |     171 |   0.0 |  9075
               +---------+---------+-------+---------+---------+-------+---------
           D:1 |       0 |      61 |   0.0 |       0 |      31 |   0.0 |  1620
           D:2 |       0 |      65 |   0.0 |       0 |      19 |   0.0 |   909
           D:3 |       0 |     110 |   0.0 |       0 |      27 |   0.0 |  1489
           D:4 |       0 |     809 |   0.0 |       0 |      21 |   0.0 |  1326
           D:5 |       0 |    1200 |   0.0 |       0 |      25 |   0.0 |  1683
           D:6 |       0 |     840 |   0.0 |       0 |      21 |   0.0 |  1305
           D:7 |       0 |    1137 |   0.0 |       0 |      27 |   0.0 |   577
               +---------+---------+-------+---------+---------+-------+---------
